Unix NetHack Version 5.0.0-0 post-release - last build Jun 10 2026 00:39:30 (3ee93aec679c4c4259841fe613dc97188e26a321,branch:main).

Game began 2026-06-18 10:58:30, ended 2026-06-18 11:05:17.

FutureTim, lawful female human Valkyrie

                                    ------            --------
                       -----        |....|            |......|
       ------------    |....        +....|            |......|     ---------
       |..........|  ##-...|        |....-###         |......|#####........|
       |........%<-### |.{.|        |....|  #        #........#    |.......|
       |..........| ## -----##      |....|  #        #--------###  |.......|
       |..........+############     |....|  #        ##         ###-.......|
       |..........|           #     -.-.--  #         #            |.......|
       ------------           #       ##    #         ##           |.......|
                              #        #    ##@#       #           ---------
                              ##       #       ###-----#
                               #   ----|---      #|....#
                               ####..>(...|      #|...|
                                   |......| ###  #....|
                                   |.......##     |...|
                                   --------       |...|
                                                  -----

FutureTim the Skirmisher    St:18/01 Dx:17 Co:14 In:7 Wi:8 Ch:12  Lawful
Dlvl:3  $:37 HP:25(28) Pw:8(8) AC:5  Xp:3 T:1721  Hungry  

Latest messages:
 In what direction? 6
 You kick at empty space.
 The bat bites!
 The bat bites!
 In what direction? 6
 You kick at empty space.
 The bat bites!
 The bat bites!
 In what direction? 6
 You kick at empty space.
 You hear a door open.
 The bat bites!
 The bat bites!
 c - a cursed +3 small shield (being worn).
 Are you sure you want to pray? [yn] (n) y
 You begin praying to Tyr.
 You are surrounded by a shimmering light.
 The bat starts to attack you, but pulls back.
 The bat starts to attack you, but pulls back.
 The bat starts to attack you, but pulls back.
 The bat starts to attack you, but pulls back.
 The bat starts to attack you, but pulls back.
 You finish your prayer.
 You feel that Tyr is well-pleased.
 You feel much better.
 The bat misses!
 You kill the bat!
 You see here a faded pall.
 You see here a faded pall.
 i - a faded pall.
 What do you want to wear? [i or ?*] i
 You are now wearing a faded pall.
 You kill the iguana!
 There is an iguana corpse here; eat it? [ynq] (n) y
 This iguana corpse is gamey.
 You finish eating the iguana corpse.
 j - a clear potion.
 You find a hidden door.
 That door is closed.
 The door opens.
 You are beginning to feel hungry.
 The large kobold hits!
 You kill the large kobold!
 You don't have anything to eat.
 Really quit without saving? [yn] (n) y
 Do you want your possessions identified? [ynq] (y) y
 Do you want to see your attributes? [ynq] (y) y
 Do you want an account of creatures vanquished? [ynaq] (y) y
 Do you want to see your conduct and achievements? [ynq] (y) y
 Do you want to see the dungeon overview? [ynq] (y) y

Inventory:
 Coins    ('$')
  $ - 37 gold pieces
 Weapons  (')')
  b - a cursed +0 dagger (alternate weapon; not wielded)
  a - a +2 spear (weapon in right hand)
 Armor    ('[')
  c - a cursed +3 small shield (being worn)
  i - an uncursed +0 elven cloak (being worn)
 Spellbooks  ('+')
  e - a cursed spellbook of detect unseen
 Potions  ('!')
  j - an uncursed potion of water

FutureTim the Valkyrie's attributes:

Background:
 You were a Skirmisher, a level 3 human Valkyrie.
 You were lawful, on a mission for Tyr
 who was opposed by Odin (neutral) and Loki (chaotic).
 You were right-handed.
 You were in the Dungeons of Doom, on level 3.
 You entered the dungeon 1721 turns ago.
 You had 70 experience points, 10 more were needed to attain level 4.

Basics:
 You had 25 out of 28 hit points.
 You had all 8 energy points (spell power).
 Your armor class was 5.
 Your wallet contained 37 zorkmids.
 Autopickup was off.

Final Characteristics:
 Your strength was 18/01 (limit:18/100).
 Your dexterity was 17 (limit:18).
 Your constitution was 14 (limit:18).
 Your intelligence was 7 (limit:18).
 Your wisdom was 8 (limit:18).
 Your charisma was 12 (limit:18).

Final Status:
 You were hungry.
 You were unencumbered.
 You were wielding a spear.
 You had basic skill with spear.

Final Attributes:
 You were devoutly aligned.
 You were cold resistant.
 You would have confused monsters when hitting them.
 You were stealthy.
 You were warded.
 You survived.

Miscellaneous:
 You didn't encounter any bones levels.
 Total elapsed playing time was 6 minutes and 46 seconds.

Major events:
 Turn
    1: FutureTim the lawful human Valkyrie entered the dungeon
 1420: attained the rank of Skirmisher (level 3)
 1721: quit

You didn't know any spells.

Skills:
 Fighting Skills
   bare handed combat [Unskilled]
   two weapon combat  [Unskilled]
   riding             [Unskilled]
 Weapon Skills
   dagger             [Basic]
   axe                [Unskilled]
   pick-axe           [Unskilled]
   short sword        [Unskilled]
   broadsword         [Unskilled]
   long sword         [Unskilled]
   two-handed sword   [Unskilled]
   saber              [Unskilled]
   hammer             [Unskilled]
   quarterstaff       [Unskilled]
   polearms           [Unskilled]
   spear              [Basic]
   trident            [Unskilled]
   lance              [Unskilled]
   sling              [Unskilled]
 Spellcasting Skills
   attack spells      [Unskilled]
   escape spells      [Unskilled]

Voluntary challenges:
 Character rerolling was not enabled.
 You never genocided any monsters.
 You never polymorphed an object.
 You never changed form.
 You used no wishes.
Achievement:
 You attained the rank of Skirmisher.

 The Dungeons of Doom: levels 1 to 3
    Level 1:
    Level 2:
       Some fountains.
    Level 3: <- You were here.
       A fountain.


Vanquished creatures:
  a shrieker
 an iguana
  a large kobold
  a red mold
  2 garter snakes
  a gnome zombie
  a gecko
  5 jackals
  2 foxes
  2 kobolds
  2 goblins
  3 grid bugs
  a bat
  2 lichens
  a kobold zombie
  3 newts
29 creatures vanquished.

No species were genocided or became extinct.

Farvel FutureTim the Valkyrie...

You quit in The Dungeons of Doom on dungeon level 3 with 427 points,
and 37 pieces of gold, after 1721 moves.
You were level 3 with a maximum of 28 hit points when you quit.

